 Dungeon Crawl Stone Soup version 0.26-a0-812-g31a745ddcd (webtiles) character file.

Game seed: 5284066585492535858

12 Lanoc the Conjurer (level 2, 0/24 HPs)
             Began as an Ogre Conjurer on Nov 22, 2020.
             Succumbed to an adder's poison
             ... on level 3 of the Dungeon.
             The game lasted 00:00:23 (264 turns).

Lanoc the Conjurer (Ogre Conjurer)                   Turns: 264, Time: 00:00:23

Health: 0/24       AC:  3    Str: 10    XL:     2   Next: 33%
Magic:  0/5        EV: 10    Int: 19    God:
Gold:   37         SH:  0    Dex:  7    Spells: 4/5 levels left

rFire    . . .     SeeInvis .   (no weapon)
rCold    . . .     Faith    .   (no shield)
rNeg     . . .     Spirit   .   a - +0 robe
rPois    .         Reflect  .   (helmet restricted)
rElec    .         Harm     .   (no cloak)
rCorr    .         Rampage  .   (gloves unavailable)
MR       .....                  (boots unavailable)
Stlth    +.........             (no amulet)
HPRegen  0.08/turn              (no ring)
MPRegen  0.09/turn              (no ring)

@: lethally poisoned (0 -> -10)
A: large, unfitting armour, tough skin 1
a: no special abilities


You were on level 3 of the Dungeon.
You visited 1 branch of the dungeon, and saw 3 of its levels.

You collected 37 gold pieces.

Inventory:

Armour
 a - a +0 robe (worn)
Scrolls
 b - a scroll of enchant armour {unknown}
 c - a scroll of teleportation {unknown}


   Skills:
 + Level 2.1 Dodging
 - Level 1.4 Stealth
 - Level 2.4 Spellcasting
 * Level 4.0 Conjurations


You had 4 spell levels left.
You knew the following spells:

 Your Spells              Type           Power        Failure   Level
a - Magic Dart            Conj           ###.         3%          1

Your spell library contained the following spells:

 Spells                   Type           Power        Failure   Level
 Searing Ray              Conj           ###...       4%          2
 Dazzling Flash           Conj/Hex       #.....       22%         3
 Fulminant Prism          Conj/Hex       #.........   56%         4
 Iskenderun's Mystic Bla  Conj/Tloc      #.......     56%         4


Dungeon Overview and Level Annotations

Branches:
Dungeon (3/15)

Altars:


Innate Abilities, Weirdness & Mutations

You are too large for most types of armour.
You have tough skin. (AC +1)


Message History

The adder is almost dead.
You feel sick. The adder bites you.
You miss the adder.
The adder is almost dead.
The adder bites you.
You closely miss the adder.
The adder is almost dead.
You feel sick. The adder bites you.
You are lethally poisoned!
The adder poisons you! The adder bites you.
You closely miss the adder.
The adder is almost dead.
The adder bites you.
* * * LOW HITPOINT WARNING * * *
You hit the adder.
You kill the adder!
Your Dodging skill increases to level 2!
Your Conjurations skill increases to level 4!
You have reached level 2!
You die...

#########<....#
#.............#
#.#############
#.#......
#.#........
#.#........#
#.#......#..
#.#......# .
#@#......#
........# #..##
.......## #.#
.$..... .#
......? .......
.....?. .......


There were no monsters in sight!

Vanquished Creatures
  An adder (D:3)
  2 hobgoblins
  A frilled lizard (D:2)
4 creatures vanquished.

Notes
Turn   | Place    | Note
-------+----------+-------------------------------------------
     0 | D:1      | Lanoc the Ogre Conjurer began the quest for the Orb.
     0 | D:1      | Reached XP level 1. HP: 16/16 MP: 3/3
   264 | D:3      | Reached skill level 4 in Conjurations
   264 | D:3      | Reached XP level 2. HP: 1/24 MP: 0/5
   264 | D:3      | Succumbed to an adder's poison

Illustrated notes

Levels and vault maps discovered:
D:1:      saegor_arrival_simple_d, layout_basic, minmay_misc_feat_four_crosses
D:2:      layout_loops_ring, lemuel_coloured_pillars_altar, minivault_25
D:3:      layout_rooms, ebering_ghost_inner_flame, serial_co_window_serial,
          co_window_paths_a, co_window_paths_a, co_window_paths_b,
          co_window_corner_a, co_window_corner_a, co_window_corner_b,
          co_window_corner_cb, co_window_corner_b, co_window_4corner_a,
          glass_columns_a, glass_columns_a, uniq_crazy_yiuf_cottage

Skill      XL: |  1 |
---------------+----+-----
Dodging        | 2 |  2.1
Conjurations   | 4 |  4.0
Stealth        | |  1.4
Spellcasting   | |  2.4

Action                   || total
-------------------------++-------
Melee: Unarmed           ||     6
 Cast: Magic Dart        ||    10
Armor: Robe              ||     1
Dodge: Dodged            ||     3

Table legend: (Time is in decaauts)
 A = Elapsed time spent in this place.
 B = Non-inter-level travel time spent in this place.
 C = Inter-level travel time spent in this place.
 D = Time resting spent in this place.
 E = Time spent auto-exploring this place.
 F = Levels seen in this place.
 G = Mean time per level.
                   A        B        C        D        E       F      G
               +--------+--------+--------+--------+--------+-----+--------+
         Total |    264 |    241 |     23 |      0 |    213 |   3 |   88.0 |
       Dungeon |    264 |    241 |     23 |      0 |    213 |   3 |   88.0 |
               +--------+--------+--------+--------+--------+-----+--------+

Top non-repeatable levels by time:
     D:2: 191 daAuts
     D:1: 48 daAuts
     D:3: 23 daAuts
